 Dungeon Crawl Stone Soup version 0.31-a0-7-g51783674b7 (webtiles) character file.

Game seed: 16754284681934230112

246 mandoloar the Changer (level 6, -4/43 HPs)
             Began as an Octopode Transmuter on May 5, 2023.
             Succumbed to an orc wizard's poison
             ... on level 3 of the Dungeon on May 6, 2023.
             The game lasted 00:13:59 (3520 turns).

mandoloar the Changer (Octopode Transmuter)         Turns: 3520, Time: 00:14:00

Health: -4/43      AC:  1    Str:  9    XL:     6   Next: 11%
Magic:  9/9        EV: 13    Int: 17    God:
Gold:   900        SH:  0    Dex: 13    Spells: 2/9 levels left

rFire   . . .        a - +0 short sword
rCold   . . .        (no shield)
rNeg    . . .        (helmet currently unavailable)
rPois   .            (no amulet)
rElec   .            (no ring)
rCorr   .            (no ring)
SInv    .            (no ring)
Will    .....        (no ring)
Stlth   ++           (no ring)
HPRegen 0.27/turn    (no ring)
MPRegen 0.11/turn    (no ring)
                     (no ring)

%: no passive effects
@: confused, lethally poisoned (-4 -> -25), appendages (expiring)
A: tentacle spike 3, almost no armour, amphibious, 8 rings, camouflage 1,
gelatinous body 1, (nimble swimmer 1), tentacles
a: End Transformation


You were on level 3 of the Dungeon.
One of your tentacles had grown a beastly spike.
You visited 1 branch of the dungeon, and saw 3 of its levels.

You collected 900 gold pieces.

Inventory:

Hand Weapons
 a - a +0 short sword (weapon)
 b - a +2 sling of draining
Missiles
 j - 3 boomerangs
 k - 8 poisoned darts
 l - 28 stones (quivered)
Wands
 m - a wand of mindburst (12)
Scrolls
 f - a scroll of teleportation {unknown}
 i - a scroll of immolation
Potions
 c - 2 potions of mutation
 d - a potion of brilliance
 e - a potion of heal wounds
 g - a potion of lignification
 h - 2 potions of curing
 o - a potion of haste


   Skills:
 + Level 4.1 Fighting
 - Level 2.0 Dodging
 - Level 3.0 Unarmed Combat
 - Level 2.0 Spellcasting
 + Level 4.5 Transmutations


You had 2 spell levels left.
You knew the following spells:

 Your Spells              Type           Power      Damage    Failure   Level
a - Beastly Appendage     Tmut           34%        N/A       3%          1
b - Wereblood             Tmut           17%        N/A       4%          2
c - Ice Form              Ice/Tmut       9%         N/A       58%         4

Your spell library contained the following spells:

 Spells                   Type           Power      Damage    Failure   Level
 Necrotise                Necr           4%         1d4       19%         1
 Poisonous Vapours        Pois/Air       2%         N/A       28%         2
 Spider Form              Tmut/Pois      9%         N/A       22%         3
 Dazzling Flash           Conj/Hex       2%         N/A       50%         3
 Mephitic Cloud           Conj/Pois/Air  1%         N/A       50%         3
 Ozocubu's Armour         Ice            1%         N/A       50%         3
 Vampiric Draining        Necr           1%         2d6       50%         3
 Volatile Blastmotes      Fire/Tloc      2%         2d10      50%         3
 Iskenderun's Mystic Bla  Conj/Tloc      1%         2d3       88%         4
 Passage of Golubria      Tloc           1%         N/A       88%         4
 Agony                    Necr           1%         N/A       99%         5
 Freezing Cloud           Conj/Ice/Air   0%         6-21      99%         5
 Silence                  Hex/Air        0%         N/A       99%         5
 Starburst                Conj/Fire      0%         6d3       100%        6
 Ozocubu's Refrigeration  Ice            0%         4d7       100%        7
 Lehudib's Crystal Spear  Conj/Erth      0%         10d2      100%        8


Dungeon Overview and Level Annotations

Branches:
Dungeon (3/15)

Altars:


Innate Abilities, Weirdness & Mutations

One of your tentacles has grown a beastly spike.
You cannot wear most types of armour.
You are amphibious.
You can wear up to eight rings at the same time.
Your skin changes colour to match your surroundings (Stealth+).
Your rubbery body absorbs attacks. (AC +1, EV +1)
((You are camouflaged when in or above water. (Stealth+)))
You have tentacles for arms and can constrict up to eight enemies at once.


Message History

You squeeze the orc wizard, but do no damage.
The orc wizard is moderately wounded.
You constrict the orc wizard, but do no damage.
You feel sick.
The orc wizard hits you with a +2 dagger of venom.
You are more poisoned.
You hit the orc wizard but do no damage.
You pierce the orc wizard.
The orc wizard is moderately wounded.
You constrict the orc wizard.
You feel very sick. The orc wizard casts a spell at you.
You are confused.
You hear a shout!
You hit the orc wizard. Your squeeze misses the orc wizard.
The orc wizard is heavily wounded.
You constrict the orc wizard.
You feel very sick.
The orc wizard hits you with a +2 dagger of venom.
You are lethally poisoned!
You barely miss the orc wizard.
The orc wizard is severely wounded.
You constrict the orc wizard.
* * * LOW HITPOINT WARNING * * *
You feel very sick.
The orc wizard gestures wildly while chanting.
The orc wizard flickers and vanishes!
Deactivating autopickup; reactivate with Ctrl-A.
You bump into the rock wall.
You constrict something.
* * * LOW HITPOINT WARNING * * *
You feel very sick. Something hits you.
* * * LOW HITPOINT WARNING * * *
You are more poisoned.
You closely miss something.
Your tentacle spike misses something.
Your transformation is almost over.
You constrict something.
Reactivating autopickup.
You feel a bit more experienced.
You die...

##########
######........##
#..........##..####
#)####.###.##...##.
#.# #.###.#.....#.
#.# #..........##.
#.# #####.........
#####.####
#####.####
#.....@)o# #.#
#.###.##o# ##'##
#.##.# #...# #.##.#
##### #.##.#
#.#...# #.......
#.#...### .....[##


You could see an orc wizard and an orc.

Vanquished Creatures
  2 orc priests (D:3)
  Jessica (D:2)
  An orc wizard (D:3)
  Robin (D:2)
  4 gnolls
  3 adders (D:2)
  2 worms (D:2)
  A dart slug (D:2)
  4 orcs
  6 ball pythons
  5 bats
  3 endoplasms
  A giant cockroach (D:2)
  16 goblins
  5 hobgoblins
  7 jackals (D:2)
  2 quokkas
  4 frilled lizards
  5 kobolds
  3 rats
76 creatures vanquished.

Notes
Turn   | Place    | Note
-------+----------+-------------------------------------------
     0 | D:1      | mandoloar the Octopode Transmuter began the quest for the
                  | Orb.
     0 | D:1      | Reached XP level 1. HP: 13/13 MP: 3/3
   222 | D:1      | Reached XP level 2. HP: 18/18 MP: 3/5
   225 | D:1      | Learned a level 2 spell: Wereblood
   954 | D:2      | Reached XP level 3. HP: 16/24 MP: 4/6
  1289 | D:2      | Noticed Jessica
  1292 | D:2      | Killed Jessica
  1293 | D:2      | Reached XP level 4. HP: 30/30 MP: 7/7
  1300 | D:2      | Learned a level 4 spell: Ice Form
  1584 | D:2      | Noticed Robin
  1593 | D:2      | Killed Robin
  1699 | D:2      | Reached XP level 5. HP: 35/36 MP: 4/8
  2570 | D:3      | Identified a scroll of acquirement
  2570 | D:3      | Acquired 759 gold pieces
  3389 | D:3      | Reached XP level 6. HP: 22/43 MP: 7/9
  3519 | D:3      | HP: 1/43 [something (5)]
  3520 | D:3      | Succumbed to an orc wizard's poison

Illustrated notes

Levels and vault maps discovered:
D:1:      dpeg_arrival_rooms_a, layout_rooms, amcnicky_mini_rare_corridor_liquid
D:2:      layout_basic, minmay_heptomino_l4, uniq_jessica, uniq_robin
D:3:      layout_loops_corners, hellmonk_ecumenical_altar_heavens_door,
          st_stairs_7, kennysheep_generic_room_14

Skill      XL: |  1  2  3  4  5 |
---------------+----------------+-----
Fighting       | 2 3 4 |  4.1
Transmutations | 3 4 |  4.5
Dodging        | |  2.0
Unarmed Combat | |  3.0
Spellcasting   | |  2.0

Action                     |  1- 3 |  4- 6 || total
---------------------------+-------+-------++-------
  Melee: Dagger            |     8 |       ||     8
         Short sword       |    47 |    93 ||   140
         Constrict         |    16 |    31 ||    47
         Tentacles         |    10 |    16 ||    26
         Kick              |    10 |    42 ||    52
         Punch             |     2 |     1 ||     3
   Fire: Sling             |       |    15 ||    15
  Throw: Stone             |     1 |     4 ||     5
   Cast: Beastly Appendage |    15 |    36 ||    51
         Wereblood         |     1 |     4 ||     5
    Use: Scroll            |     5 |     7 ||    12
   Stab: Sleeping          |     1 |     1 ||     2
 Armour: Skin              |     3 |     2 ||     5
  Dodge: Dodged            |    34 |    44 ||    78

Table legend: (Time is in decaauts)
 A = Elapsed time spent in this place.
 B = Non-inter-level travel time spent in this place.
 C = Inter-level travel time spent in this place.
 D = Time resting spent in this place.
 E = Time spent auto-exploring this place.
 F = Levels seen in this place.
 G = Mean time per level.
                   A        B        C        D        E       F      G
               +--------+--------+--------+--------+--------+-----+--------+
         Total |   3520 |   3343 |    177 |    974 |   1676 |   3 | 1173.3 |
       Dungeon |   3520 |   3343 |    177 |    974 |   1676 |   3 | 1173.3 |
               +--------+--------+--------+--------+--------+-----+--------+

Top non-repeatable levels by time:
     D:2: 1876 daAuts
     D:1: 823 daAuts
     D:3: 820 daAuts
